 Dungeon Crawl Stone Soup version 0.30-a0-7-g94fe547ab8 (webtiles) character file.

Game seed: 18247351718816669532

1698 Nedwor the Cutter (level 8, -3/62 HPs)
             Began as a Demonspawn Gladiator on Aug 23, 2022.
             Was a Believer of Uskayaw.
             Slain by a gnoll
             ... wielding a +0 halberd
             ... led by a gnoll sergeant
              (12 damage)
             ... on level 7 of the Dungeon.
             The game lasted 00:22:33 (8679 turns).

Nedwor the Cutter (Demonspawn Gladiator)            Turns: 8679, Time: 00:22:34

Health: -3/62      AC: 13    Str: 22    XL:     8   Next: 72%
Magic:  8/8        EV: 11    Int: 16    God:    Uskayaw [**....]
Gold:   1475       SH:  5    Dex: 15    Spells: 7/7 levels left

rFire   . . .      SeeInvis +    a - +0 rapier
rCold   + . .      Faith    +    k - +0 buckler
rNeg    . . .      Spirit   .    w - +2 chain mail {rC+}
rPois   .          Reflect  .    n - +1 hat
rElec   +          Harm     .    v - +0 cloak
rCorr   .          Rampage  .    (no gloves)
Will    +....                    (no boots)
Stlth   ..........               b - amulet of faith
HPRegen 0.20/turn                m - ring "Xeeb" {Str+6 SInv Stlth+}
MPRegen 0.11/turn                e - ring of the Genius {rElec Will+ Int+6}

@: hasted, very quick
A: repulsion field 1, demonic guardian 2, foul stench 1, demonic touch 1
a: Renounce Religion, Stomp, Line Pass


You were on level 7 of the Dungeon.
You worshipped Uskayaw.
Uskayaw was noncommittal.
You visited 2 branches of the dungeon, and saw 8 of its levels.

You collected 1475 gold pieces.

Inventory:

Hand Weapons
 a - a +0 rapier (weapon)
Armour
 c - a +0 helmet
 d - a +0 plate armour
 k - a +0 buckler (worn)
 n - a +1 hat (worn)
 v - a +0 cloak (worn)
 w - a +2 chain mail of cold resistance (worn)
Jewellery
 b - an amulet of faith (around neck)
 e - the ring of the Genius (right hand) {rElec Will+ Int+6}
   (You acquired it on level 5 of the Dungeon)

   [ring of intelligence]

   Int:       It affects your intelligence (+6).
   rElec:     It insulates you from electricity.
   Will:      It increases your willpower.
 g - a ring of flight
 m - the ring "Xeeb" (left hand) {Str+6 SInv Stlth+}
   (You acquired it on level 5 of the Dungeon)

   [ring of see invisible]

   Str:       It affects your strength (+6).
   SInv:      It lets you see invisible.
   Stlth:     It makes you more stealthy.
 s - a ring of protection from fire
Wands
 f - a wand of digging (7)
 h - a wand of paralysis (5)
 p - a wand of roots (11)
 q - a wand of flame (14)
Scrolls
 j - 3 scrolls of teleportation
 o - 4 scrolls of identify
 r - 2 scrolls of enchant weapon
Potions
 l - 5 potions of heal wounds
 t - 2 potions of mutation {unknown}
 u - a potion of brilliance {unknown}


   Skills:
 + Level 5.0 Fighting
 * Level 6.8 Short Blades
 - Level 1.7 Throwing
 + Level 4.1 Armour
 + Level 5.1 Dodging
 + Level 2.7 Shields


You had 7 spell levels left.
You didn't know any spells.
Your spell library contained the following spells:

 Spells                   Type           Power      Damage    Failure   Level
 Freeze                   Ice            0%         1d3       95%         1
 Frozen Ramparts          Ice            0%         1d1       100%        3
 Ozocubu's Armour         Ice            0%         N/A       100%        3
 Airstrike                Air            0%         2d(0-16)  100%        4
 Hailstorm                Conj/Ice       0%         3d3       100%        4
 Summon Lightning Spire   Summ/Air       0%         N/A       100%        4
 Lightning Bolt           Conj/Air       0%         1d11      100%        5
 Metabolic Englaciation   Hex/Ice        0%         N/A       100%        5
 Simulacrum               Ice/Necr       0%         N/A       100%        6


Dungeon Overview and Level Annotations

Branches:
Dungeon (7/15)             Temple (1/1) D:6

Altars:
Ashenzari
Cheibriados
Dithmenos
Fedhas
Gozag
Hepliaklqana
Kikubaaqudgha
Makhleb
Nemelex Xobeh
Okawaru
Qazlal
Ru
Sif Muna
Trog
Uskayaw
Vehumet
Wu Jian
Xom

Annotations:
Temple 2 transporters


Innate Abilities, Weirdness & Mutations

You are surrounded by a mild repulsion field. (EV +2)
A demonic guardian rushes to your aid.
You may rarely emit foul miasma when damaged in melee.
Your touch may inflict minor irresistible damage on your foes.


Message History

A wraith comes into view.
The gnoll misses you. The shadow barely misses you.
Unknown command.
You hit the gnoll sergeant.
The gnoll sergeant is heavily wounded.
The hound bites you.
The gnoll sergeant is engulfed in dark miasma.
The gnoll sergeant looks even sicker.
The gnoll sergeant hits you with a +1 vampiric spear.
The gnoll sergeant draws strength from your wounds!
You hit the gnoll sergeant.
The gnoll sergeant is almost dead.
The hound closely misses you. The shadow closely misses you.
The gnoll hits you but does no damage.
The gnoll hits you from afar with a +0 halberd!
* * * LOW HITPOINT WARNING * * *
A demonic guardian appears!
The gnoll closely misses you.
You closely miss the hound.
The hound is heavily wounded.
The hound bites you but does no damage.
Unknown command.
You miss the hound.
The hound is heavily wounded.
The gnoll barely misses you.
The gnoll hits you but does no damage. x2
The shadow closely misses you.
Your rust devil closely misses the hound.
You hit the hound but do no damage.
The hound is heavily wounded.
You block the hound's attack.
Unknown command.
You miss the hound.
The hound is heavily wounded.
The hound bites you.
* * * LOW HITPOINT WARNING * * *
You block the gnoll's attack.
The gnoll sergeant is engulfed in dark miasma.
The gnoll sergeant looks even sicker.
You kill the gnoll sergeant!
The gnoll hits you from afar with a +0 halberd!
You die...

........... ..........
.# ..W....... ###.##
......... #.#..## ##..
........
##.....####...
...g.g## ..........)..
#☼Wg###.##...##..##
#@.....###.<.#....
+h##.............#
+4###........#...# #.#
#............) #..#
#.............
....##..............
.....###...........#..
..#....
..........####..
.......
##........####)#


You could see a wraith, a shadow, a hound (ally target), 3 gnolls and a friendly
rust devil (summoned).

Vanquished Creatures
  2 black bears
  2 ogres (D:4)
  A gnoll sergeant (D:7)
  2 bullfrogs
  2 kobold brigands
  A scorpion (D:4)
  A howler monkey (D:5)
  3 hounds
  2 jellies
  2 iguanas (D:4)
  2 orc wizards
  Natasha (twice) (D:3)
  6 gnolls
  10 adders
  A shadow imp (D:4)
  An ufetubus (D:5)
  2 worms (D:3)
  16 orcs
  5 bats
  8 endoplasms
  2 giant cockroaches (D:2)
  10 goblins
  4 hobgoblins
  7 jackals
  3 quokkas
  5 ball pythons
  2 frilled lizards
  14 kobolds
  3 rats
121 creatures vanquished.

Vanquished Creatures (collateral kills)
  Pargi (D:4)
  An ice beast (D:4)
  2 scorpions
  A hound (D:5)
  2 jellies (D:5)
  Natasha (D:3)
  A gnoll (D:3)
  2 ball pythons
  A bat (D:3)
  A hobgoblin (D:4)
  3 kobolds
16 creatures vanquished.

Vanquished Creatures (others)
  A kobold (D:3)
1 creature vanquished.

Grand Total: 138 creatures vanquished

Notes
Turn   | Place    | Note
-------+----------+-------------------------------------------
     0 | D:1      | Nedwor the Demonspawn Gladiator began the quest for the
                  | Orb.
     0 | D:1      | Reached XP level 1. HP: 16/16 MP: 1/1
   312 | D:1      | Gained mutation: You are surrounded by a mild repulsion
                  | field. (EV +2) [demonic ancestry]
   312 | D:1      | Reached XP level 2. HP: 22/22 MP: 2/2
   391 | D:1      | Reached skill level 3 in Short Blades
   856 | D:1      | Found a faded altar of an unknown god.
  1300 | D:2      | Reached XP level 3. HP: 20/28 MP: 3/3
  1402 | D:2      | Reached skill level 1 in Armour
  1990 | D:3      | Found a shimmering altar of Xom.
  2031 | D:2      | Gained mutation: A weak demonic guardian rushes to your
                  | aid. [demonic ancestry]
  2031 | D:2      | Reached XP level 4. HP: 24/34 MP: 4/4
  2569 | D:4      | Noticed a scorpion
  2588 | D:4      | Killed a scorpion
  2589 | D:4      | Gained mutation: You may rarely emit foul miasma when
                  | damaged in melee. [demonic ancestry]
  2589 | D:4      | Reached XP level 5. HP: 13/40 MP: 5/5
  2807 | D:3      | Reached skill level 4 in Short Blades
  3027 | D:3      | Noticed Natasha
  3035 | D:3      | Killed Natasha
  3112 | D:3      | Noticed Natasha
  3119 | D:3      | Killed Natasha
  3143 | D:3      | Noticed Natasha
  3159 | D:3      | Killed Natasha
  3160 | D:3      | Gained mutation: A demonic guardian rushes to your aid.
                  | [demonic ancestry]
  3160 | D:3      | Reached XP level 6. HP: 23/47 MP: 6/6
  3363 | D:3      | Found a stormy altar of Qazlal.
  3411 | D:3      | Paralysed by an orc for 4 turns
  3421 | D:3      | Paralysed by an orc for 3 turns
  4462 | D:4      | Noticed Pargi
  4472 | D:4      | Killed Pargi
  4473 | D:4      | Reached skill level 5 in Short Blades
  4473 | D:4      | Gained mutation: Your touch may inflict minor irresistible
                  | damage on your foes. [demonic ancestry]
  4473 | D:4      | Reached XP level 7. HP: 52/53 MP: 7/7
  4957 | D:4      | Found a bloodstained altar of Trog.
  5035 | D:5      | Entered Level 5 of the Dungeon
  5665 | D:4      | Reached skill level 1 in Shields
  6102 | D:5      | Reached XP level 8. HP: 34/61 MP: 8/8
  6242 | D:5      | Found an ornate altar of the Wu Jian Council.
  6261 | D:5      | Reached skill level 6 in Short Blades
  6754 | D:5      | Found a broken altar of Ashenzari.
  7026 | D:5      | Identified 3 scrolls of acquirement
  7027 | D:5      | Acquired 1099 gold pieces
  7179 | D:5      | Acquired the ring of the Genius {rElec Will+ Int+6}
  7186 | D:5      | Acquired the ring "Xeeb" {Str+6 SInv Stlth+}
  7743 | D:6      | Found a staircase to the Ecumenical Temple.
  7766 | Temple   | Entered the Ecumenical Temple
  7766 | Temple   | Found a transporter.
  7766 | Temple   | Found a transporter.
  7768 | Temple   | Found a transporter.
  7768 | Temple   | Found a transporter.
  7783 | Temple   | Became a worshipper of Uskayaw the Reveller
  7958 | D:6      | Reached * piety under Uskayaw
  8063 | D:6      | Reached ** piety under Uskayaw
  8066 | D:6      | Reached skill level 5 in Dodging
  8440 | D:7      | Reached skill level 5 in Fighting
  8569 | D:7      | Reached *** piety under Uskayaw
  8679 | D:7      | Slain by a gnoll

Illustrated notes

Levels and vault maps discovered:
D:1:      lightli_arrival_windingriver, layout_rooms,
          chequers_ecumenical_altar_island
D:2:      layout_basic
D:3:      layout_rooms, mainiacjoe_overflow_24_doors, xom_confusion_cloud,
          nicolae_figureground_sparkle, uniq_natasha
D:4:      layout_cave_pools, old_standard_altar, uniq_pargi
D:5:      minmay_evil_eye, layout_rooms, hangedman_feature_mirror,
          chequers_serial_rivers_large_a, hangedman_abyss_or_decor_stagger
D:6:      layout_cave_pools, minmay_temple_entry_ruins,
          eino_small_chamber_without_monster, lemuel_flamethrower_2
D:7:      layout_cave_pools, serial_gnoll_camp, gnoll_camp_mini_sergeant,
          gnoll_camp_huts_moat, gnoll_camp_mini_hut, gnoll_camp_mini_loothouse,
          gnoll_camp_mini_doghouse, serial_shops, nicolae_stop_n_shop_1,
          uniq_crazy_yiuf_cottage
Temple:   hellmonk_temple_divided_pantheon

Skill      XL: |  1  2  3  4  5  6  7  8 |
---------------+-------------------------+-----
Short Blades   | 3 4 5 6 |  6.8
Armour         | 1 2 3 4 |  4.1
Dodging        | 3 4 5 |  5.1
Fighting       | 3 4 5 |  5.0
Shields        | 1 2 |  2.7
Throwing       | |  1.7

Action                   |  1- 3 |  4- 6 |  7- 9 || total
-------------------------+-------+-------+-------++-------
Melee: Rapier            |   131 |   228 |   389 ||   748
       Punch             |     1 |     6 |       ||     7
  Use: Scroll            |     3 |     3 |     9 ||    15
       Potion            |       |     2 |     3 ||     5
 Stab: Sleeping          |     1 |       |       ||     1
       Distracted        |       |       |     1 ||     1
Armor: Leather armour    |    32 |       |       ||    32
       Plate armour      |    53 |   138 |   243 ||   434
       Chain mail        |       |       |    36 ||    36
Dodge: Dodged            |   120 |    93 |   212 ||   425
Block: Buckler           |       |       |    90 ||    90

Table legend: (Time is in decaauts)
 A = Elapsed time spent in this place.
 B = Non-inter-level travel time spent in this place.
 C = Inter-level travel time spent in this place.
 D = Time resting spent in this place.
 E = Time spent auto-exploring this place.
 F = Levels seen in this place.
 G = Mean time per level.
                   A        B        C        D        E       F      G
               +--------+--------+--------+--------+--------+-----+--------+
         Total |   8675 |   8492 |    183 |   3157 |   3741 |   8 | 1084.4 |
       Dungeon |   8632 |   8458 |    174 |   3157 |   3741 |   7 | 1233.1 |
        Temple |     42 |     33 |      9 |      0 |      0 |   1 |   42.0 |
               +--------+--------+--------+--------+--------+-----+--------+

Top non-repeatable levels by time:
     D:5: 1972 daAuts
     D:4: 1840 daAuts
     D:3: 1467 daAuts
     D:1: 1219 daAuts
     D:2: 974 daAuts
     D:6: 815 daAuts
     D:7: 343 daAuts
  Temple: 42 daAuts
